 Dungeon Crawl Stone Soup version 0.31-a0-216-g22e908daa7 (webtiles) character file.

Game seed: 12130833512451232002

2172 qw the Skirmisher (level 9, -2/79 HPs)
             Began as a Minotaur Hexslinger on July 2, 2023.
             Slain by a sky beast (5 damage)
             ... on level 6 of the Dungeon.
             The game lasted 00:01:35 (4708 turns).

qw the Skirmisher (Minotaur Hexslinger)             Turns: 4708, Time: 00:01:35

Health: -2/79      AC:  5    Str: 18    XL:     9   Next: 11%
Magic:  9/9        EV: 13    Int: 10    God:
Gold:   67         SH:  0    Dex: 18    Spells: 9/10 levels left

rFire   . . .        Y - +1 orcbow (drain)
rCold   . . .        (shield currently unavailable)
rNeg    + . .        i - +0 ring mail {Will+}
rPois   .            (helmet restricted)
rElec   .            (no cloak)
rCorr   .            (no gloves)
SInv    .            (no boots)
Will    +....        (no amulet)
Stlth   +            c - +6 ring of strength
HPRegen 0.33/turn    d - ring of positive energy
MPRegen 0.11/turn

%: no passive effects
@: about to teleport
A: horns 2, retaliatory headbutt
a: no special abilities


You were on level 6 of the Dungeon.
You visited 2 branches of the dungeon, and saw 7 of its levels.

You collected 247 gold pieces.
You spent 180 gold pieces at shops.


Innate Abilities, Weirdness & Mutations

You have a pair of horns on your head.
You reflexively headbutt those who attack you in melee.


   Skills:
 - Level 7.0 Fighting
 + Level 10.9 Ranged Weapons
 - Level 2.6 Armour
 - Level 4.1 Dodging
 - Level 1.0 Spellcasting
 - Level 2.0 Hexes


You had 9 spell levels left.
You knew the following spells:

 Your Spells              Type           Power      Damage    Failure   Level
a - Slow                  Hex            16%        N/A       26%         1

Your spell library contained the following spells:

 Spells                   Type           Power      Damage    Failure   Level
 Inner Flame              Hex/Fire       2%         N/A       75%         3
 Portal Projectile        Hex/Tloc       4%         N/A       75%         3
 Cause Fear               Hex            2%         N/A       95%         4

Inventory:

Hand Weapons
 Y - a +1 orcbow of draining (weapon)
Armour
 b - a scarf of resistance
 i - a +0 ring mail of willpower (worn)
Jewellery
 c - a +6 ring of strength (left hand)
 d - a ring of positive energy (right hand)
Scrolls
 a - 2 scrolls of identify
 e - 3 scrolls of teleportation
 l - 3 scrolls of amnesia {unknown}
Potions
 f - 2 potions of mutation {unknown}
 g - a potion of attraction {unknown}
 h - 2 potions of enlightenment
 j - a potion of curing
 k - a potion of might
 m - a potion of degeneration {unknown}

Dungeon Overview and Level Annotations

Branches:
Dungeon (6/15)             Temple (1/1) D:5

Altars:
Cheibriados
Dithmenos
Elyvilon
Fedhas
Hepliaklqana
Kikubaaqudgha
Qazlal
Ru
Sif Muna
Trog
Uskayaw
Vehumet
Wu Jian
Xom
Yredelemnul
Zin
The Shining One

Shops:
D:2 !   D:4 [   D:5 :

Annotations:
D:5 2 transporters, Menkaure


Message History

Reactivating autopickup.
The sky beast hits you. The sky beast shocks you.
You shoot an arrow. The arrow closely misses the sky beast.
The orc throws a boomerang.
The boomerang hits you.
The sky beast flickers out of sight!
Deactivating autopickup; reactivate with Ctrl-A.
Something hits you. Something shocks you.
You shoot an arrow. The arrow closely misses the orc.
The orc barely misses you.
The orc throws a boomerang.
The boomerang barely misses you. Something hits you. Something shocks you.
You shoot an arrow. The arrow hits the orc!
You kill the orc!
Something hits you but does no damage.
You shoot an arrow. The arrow closely misses the orc.
The orc closely misses you. Something hits you but does no damage.
You shoot an arrow. The arrow hits the orc!
You kill the orc!
Something hits you. Something shocks you.
You shoot an arrow.
The arrow hits the orc priest but does no damage.
Something hits you but does no damage.
You shoot an arrow. The arrow hits the orc priest.
The orc priest is heavily wounded.
A sky beast appears from thin air!
Reactivating autopickup.
The sky beast hits you but does no damage.
The orc priest invokes the aid of Beogh against you.
Beogh smites you!
4707 ||| READING 4 scrolls of teleportation.
As you read the scroll of teleportation, it crumbles to dust.
You feel strangely unstable.
The sky beast flickers out of sight!
Deactivating autopickup; reactivate with Ctrl-A.
Something hits you but does no damage.
The orc priest calls down the wrath of Beogh upon you.
Beogh smites you!
You shoot an arrow. The arrow hits the orc priest.
You drain the orc priest.
The orc priest is severely wounded.
Something hits you. Something shocks you.
You die...

....... ...... ###.. #..
##### ### #.. .... ..###
#.. ###.###.... ###.. .
#..[).#.#.# #....
o...#.))@.#.#.# ##)###
.)...o({....#.# ##..%##
...)#.ยค[..#...#####.....#
.. #....[#.....).)......
###.#####.###........
}...}#.....#.....<..
.#.....#.....#........
....}.................
.#.....#.....#.#......


You could see an orc priest (very drained).

Vanquished Creatures
  Sigmund (D:2)
  A wyvern (D:6)
  An acid dragon (D:6)
  An orc warrior (D:6)
  3 ice beasts
  3 ogres (D:4)
  2 black bears
  A phantom (D:5)
  4 scorpions
  3 jellies
  7 hounds
  2 orc priests (D:6)
  2 sleepcaps (D:5)
  2 iguanas
  4 orc wizards (D:6)
  An adder (D:2)
  A white imp (D:5)
  2 dart slugs
  13 orcs
  5 ball pythons
  3 bats
  10 endoplasms
  4 giant cockroaches
  5 goblins
  2 hobgoblins (D:3)
  6 jackals
  4 quokkas
  7 kobolds
  5 rats
105 creatures vanquished.

Notes
Turn   | Place    | Note
-------+----------+-------------------------------------------
     0 | D:1      | qw the Minotaur Hexslinger began the quest for the Orb.
     0 | D:1      | Reached XP level 1. HP: 16/16 MP: 1/1
     0 | D:1      | 0 ||| qw: Version: 0.3-a-35-g05ef00e
     0 | D:1      | 0 ||| qw: Game counter: 7802
     0 | D:1      | 0 ||| qw: Melee chars always use a shield: true
     0 | D:1      | 0 ||| qw: God list: Okawaru
     0 | D:1      | 0 ||| qw: Allow faded altars: false
     0 | D:1      | 0 ||| qw: Do Orc after clearing Dungeon:15 true
     0 | D:1      | 0 ||| qw: Do second Lair branch before Depths: true
     0 | D:1      | 0 ||| qw: Lair rune preference: random
     0 | D:1      | 0 ||| qw: Goals: Normal
     0 | D:1      | 0 ||| PLANNING D:1-11
   181 | D:1      | Reached skill level 3 in Ranged Weapons
   183 | D:1      | Reached XP level 2. HP: 23/23 MP: 2/2
   798 | D:1      | 798 ||| UPGRADING to +0 leather armour.
   808 | D:1      | 808 ||| DROPPING +0 robe.
   809 | D:1      | 809 ||| UPGRADING to +0 ring mail.
   819 | D:1      | 819 ||| DROPPING +0 leather armour.
   820 | D:1      | 820 ||| READING 3 scrolls labelled XIAC LIPNU.
   821 | D:1      | 821 ||| READING 2 scrolls of identify.
   821 | D:1      | 821 ||| IDENTIFYING coppery potion
   822 | D:1      | 822 ||| DROPPING scroll of poison.
   830 | D:2      | Noticed Sigmund
   830 | D:2      | Noticed a black bear
   834 | D:2      | 834 ||| STAIRDANCE
   836 | D:1      | HP: 6/24 [black bear (1)]
   837 | D:1      | 837 ||| DRINKING potion of heal wounds.
   842 | D:1      | Killed a black bear
   843 | D:1      | Reached XP level 3. HP: 20/34 MP: 3/3
   843 | D:1      | Reached XP level 4. HP: 24/41 MP: 4/4
   911 | D:2      | 911 ||| STAIRDANCE
   965 | D:2      | 965 ||| STAIRDANCE
   993 | D:2      | Killed Sigmund
   994 | D:2      | Reached skill level 5 in Ranged Weapons
   994 | D:2      | Reached XP level 5. HP: 44/47 MP: 5/5
  1172 | D:2      | You fall into a shaft and drop 1 floor!
  1240 | D:3      | Found a shimmering altar of Xom.
  1248 | D:3      | Reached XP level 6. HP: 53/53 MP: 6/6
  1262 | D:3      | Found a bloodstained altar of Trog.
  1341 | D:3      | Reached skill level 1 in Armour
  1406 | D:3      | 1406 ||| UPGRADING to +6 ring of strength.
  1407 | D:3      | 1407 ||| UPGRADING to ring of positive energy.
  1408 | D:3      | 1408 ||| READING scroll labelled KAUSOD OREORU.
  1409 | D:3      | 1409 ||| READING scroll labelled RID QAVIJEOB.
  1410 | D:3      | 1410 ||| READING scroll labelled NAXTISTYIHY.
  1414 | D:3      | 1414 ||| READING 2 scrolls of identify.
  1414 | D:3      | 1414 ||| IDENTIFYING bubbling sapphire potion
  1584 | D:2      | 1584 ||| SWAPPING to +0 orcbow.
  1585 | D:2      | 1585 ||| DROPPING +1 sling.
  1884 | D:2      | Found Yhisoh's Distillery.
  1916 | D:2      | 1916 ||| BUYING potion of curing (30 gold).
  1916 | D:2      | Bought a potion of curing for 30 gold pieces
  1916 | D:2      | 1916 ||| SHOPLISTING potion of enlightenment (50 gold, have
                  | 47).
  1916 | D:2      | 1916 ||| SHOPLISTING potion of haste (100 gold, have 47).
  1916 | D:2      | 1916 ||| SHOPLISTING potion of heal wounds (50 gold, have
                  | 47).
  1916 | D:2      | 1916 ||| BUYING potion of might (40 gold).
  1916 | D:2      | Bought a potion of might for 40 gold pieces
  1916 | D:2      | 1916 ||| SHOPLISTING potion of resistance (100 gold, have
                  | 7).
  2030 | D:2      | 2030 ||| READING scroll labelled HAONIP SOIMUGUG.
  2031 | D:2      | 2031 ||| READING 2 scrolls of identify.
  2031 | D:2      | 2031 ||| IDENTIFYING fizzy grey potion
  2032 | D:2      | 2032 ||| DROPPING potion of berserk rage.
  2292 | D:3      | Found a white marble altar of Elyvilon.
  2299 | D:3      | 2299 ||| READING scroll labelled DEWAGU ILEILA.
  2332 | D:4      | Reached skill level 6 in Ranged Weapons
  2382 | D:4      | Reached skill level 7 in Ranged Weapons
  2622 | D:4      | Reached XP level 7. HP: 47/60 MP: 7/7
  2834 | D:4      | Reached skill level 8 in Ranged Weapons
  3042 | D:4      | Found Sal Doasie's Armour Boutique.
  3046 | D:4      | 3046 ||| BUYING +0 ring mail of willpower (110 gold).
  3046 | D:4      | Bought a +0 ring mail of willpower for 110 gold pieces
  3046 | D:4      | 3046 ||| SHOPLISTING +2 robe of willpower (177 gold, have
                  | 27).
  3124 | D:4      | 3124 ||| UPGRADING to +0 ring mail of willpower.
  3134 | D:4      | 3134 ||| DROPPING +0 ring mail.
  3145 | D:5      | Entered Level 5 of the Dungeon
  3186 | D:5      | Found a stormy altar of Qazlal.
  3243 | D:5      | Reached skill level 9 in Ranged Weapons
  3243 | D:5      | Found a transporter.
  3244 | D:5      | Found an ancient bone altar of Kikubaaqudgha.
  3246 | D:5      | Noticed Menkaure
  3253 | D:5      | Found a transporter.
  3361 | D:5      | Found a basalt altar of Yredelemnul.
  3407 | D:5      | Found a snail-covered altar of Cheibriados.
  3469 | D:5      | Found a shadowy altar of Dithmenos.
  3536 | D:5      | Reached skill level 3 in Dodging
  3536 | D:5      | Reached XP level 8. HP: 68/68 MP: 8/8
  3664 | D:5      | Reached skill level 6 in Fighting
  3665 | D:5      | Found a staircase to the Ecumenical Temple.
  3666 | D:5      | 3666 ||| PLANNING TEMPLE
  3666 | D:5      | 3666 ||| READING scroll labelled QEAKI RODU.
  3675 | Temple   | Entered the Ecumenical Temple
  3770 | Temple   | 3770 ||| PLANNING D:1-11
  3843 | D:5      | Found Qer Fysh's Book Emporium.
  4085 | D:6      | 4085 ||| Stepping ~*~*~tactically~*~*~ (outnumbered).
  4087 | D:6      | 4087 ||| Stepping ~*~*~tactically~*~*~ (outnumbered).
  4101 | D:6      | HP: 9/70 [orc warrior/+0 trident (11)]
  4102 | D:6      | 4102 ||| READING 4 scrolls of teleportation.
  4102 | D:6      | HP: 2/70 [wyvern (8)]
  4103 | D:6      | 4103 ||| DRINKING potion of heal wounds.
  4129 | D:6      | Reached skill level 10 in Ranged Weapons
  4678 | D:6      | Reached XP level 9. HP: 79/79 MP: 9/9
  4683 | D:6      | 4683 ||| Stepping ~*~*~tactically~*~*~ (outnumbered).
  4706 | D:6      | HP: 17/79 [orc priest/divine providence (9)]
  4707 | D:6      | 4707 ||| READING 4 scrolls of teleportation.
  4707 | D:6      | HP: 4/79 [orc priest/divine providence (14)]
  4708 | D:6      | Slain by a sky beast

Levels and vault maps discovered:
D:1:      psy_arrival_radial02, layout_basic
D:2:      layout_basic, serial_shops, shop, uniq_sigmund
D:3:      layout_basic, mainiacjoe_overflow_catwalk_spiral,
          nicolae_elyvilon_temple_path
D:4:      layout_loops_ring, serial_shops,
          nicolae_shop_competitors_out_of_business
D:5:      layout_basic, gammafunk_temple_of_torment,
          mainiacjoe_overflow_boulevard, lemuel_crystal_altar,
          general_overflow_altar, temple_hall, serial_shops,
          nicolae_stop_n_shop_2
D:6:      layout_loops_cross, minmay_chambers_of_fives
Temple:   hellmonk_temple_beads

Skill      XL: |  1  2  3  4  5  6  7  8 |
---------------+-------------------------+-----
Ranged Weapons | 3 5 7 9 10 | 10.9
Fighting       | 4 5 7 |  7.0
Armour         | 1 2 |  2.6
Dodging        | 3 4 |  4.1
Spellcasting   | |  1.0
Hexes          | |  2.0

Action                     |  1- 3 |  4- 6 |  7- 9 || total
---------------------------+-------+-------+-------++-------
   Fire: Sling             |    39 |    54 |       ||    93
         Orcbow            |       |    72 |   163 ||   235
    Use: Scroll            |     2 |     7 |     3 ||    12
         Potion            |     1 |       |     1 ||     2
 Armour: Robe              |     2 |       |       ||     2
         Ring mail         |    11 |     7 |    26 ||    44
  Dodge: Dodged            |    19 |    32 |    51 ||   102

Table legend:
 A = Non-vault XP
 B = Vault XP
 C = Vault XP percentage of total XP
 D = Non-vault monster count
 E = Vault monster count
 F = Vault count percentage of total count
                 A         B        C        D         E       F
            +---------+---------+-------+---------+---------+-------
      Total |    2332 |     772 |  24.9 |      99 |       6 |   5.7
            +---------+---------+-------+---------+---------+-------
        D:1 |     141 |       0 |   0.0 |      13 |       0 |   0.0
        D:2 |      42 |     223 |  84.2 |      17 |       1 |   5.6
        D:3 |      21 |       0 |   0.0 |      11 |       0 |   0.0
        D:4 |     718 |       0 |   0.0 |      25 |       0 |   0.0
        D:5 |     629 |       0 |   0.0 |      15 |       0 |   0.0
        D:6 |     781 |     549 |  41.3 |      18 |       5 |  21.7
            +---------+---------+-------+---------+---------+-------
